 Dungeon Crawl Stone Soup version 0.22-a0-283-g1871b15 (webtiles) character file.

385 Amnesiac the Zephyrmancer (level 6, 0/32 HPs)
             Began as a Tengu Air Elementalist on Mar 20, 2018.
             Killed by nerve-wracking pain
             ... invoked by Grinder
              (9 damage)
             ... on level 3 of the Dungeon.
             The game lasted 00:04:12 (2921 turns).

Amnesiac the Zephyrmancer (Tengu Air Elementalist)  Turns: 2921, Time: 00:04:12

Health: 0/32       AC:  4    Str: 12    XL:     6   Next: 77%
Magic:  3/13       EV: 12    Int: 19    God:
Gold:   150        SH:  0    Dex: 14    Spells: 8/13 levels left

rFire    . . .     SeeInvis .   (no weapon)
rCold    . . .     Gourm    .   (no shield)
rNeg     . . .     Faith    .   a - +0 robe
rPois    .         Spirit   .   (helmet restricted)
rElec    .         Reflect  .   o - +0 cloak
rCorr    .         Harm     .   i - +0 pair of gloves
MR       .....                  (boots unavailable)
Stlth    ++........             (no amulet)
HPRegen  0.10/turn              b - +3 ring of strength
MPRegen  0.13/turn              f - +2 ring of intelligence

@: no status effects
A: beak, talons 3, able to fly 1
a: Fly


You were on level 3 of the Dungeon.
You were hungry.

You visited 1 branch of the dungeon, and saw 3 of its levels.

You collected 150 gold pieces.

Inventory:

Armour
 a - a +0 robe (worn)
 i - a +0 pair of gloves (worn)
 o - a +0 cloak (worn)
Jewellery
 b - a +3 ring of strength (left hand)
 f - a +2 ring of intelligence (right hand)
Wands
 d - a wand of iceblast (6)
 k - a wand of flame (28)
Scrolls
 e - a scroll of remove curse {!r}
 n - a scroll of fog {!r}
 r - a scroll of amnesia {!r, unknown}
 s - a scroll of enchant armour {!r, unknown}
Potions
 g - a potion of mutation {!q, unknown}
 j - a potion of cancellation {!q, unknown}
 l - a potion of berserk rage {!q, unknown}
 m - a potion of lignification {!q, unknown}
 p - a potion of curing {!q}
 q - a potion of magic {!q}
Comestibles
 c - 5 rations
 h - 3 chunks of flesh


   Skills:
 - Level 2.1 Dodging
 - Level 2.0 Stealth
 + Level 4.0 Spellcasting
 - Level 1.3 Conjurations
 - Level 8.2 Air Magic


You had 8 spell levels left.
You knew the following spells:

 Your Spells              Type           Power        Failure   Level  Hunger
a - Shock                 Conj/Air       ###.         1%          1    None
d - Airstrike             Air            #####.....   4%          4    ####...


Dungeon Overview and Level Annotations

Branches:
Dungeon (3/15)

Altars:

Annotations:
D:3 Grinder


Innate Abilities, Weirdness & Mutations

You have a beak for a mouth.
You have claws for feet.
You can fly.


Message History

Some of the chunks of flesh in your inventory have rotted away.
Magic restored.
There is a stone staircase leading down here.
Found 13 gold pieces.
Found 13 stones.
Found a stone staircase leading up.
You now have 137 gold pieces (gained 6).
Things that are here:
a scythe; a robe You see here a bat corpse.
You butcher the bat corpse.
h - 3 chunks of flesh (gained 1)
You start resting.
Magic restored.
You now have 150 gold pieces (gained 13).
There is a stone staircase leading down here.
Found a stone staircase leading down.
s - a scroll labeled RAGHUNWUBO {!r} Grinder comes into view.
Grinder shouts!
Found 18 stones.
Grinder is nearby!
Grinder grins, showing sharp teeth.
Grinder blinks!
Casting: Shock (safe; 1% risk of failure)
Confirm with . or Enter, or press ? or * to list all spells.
Aiming: Shock (safe; 1% risk of failure)
Press: ? - help, Shift-Dir - straight line The zap hits Grinder.
Grinder is lightly wounded.
The zap hits Grinder.
Grinder is moderately wounded.
Grinder hits you!
You writhe in agony.
Casting: Shock (safe; 1% risk of failure)
Confirm with . or Enter, or press ? or * to list all spells.
Aiming: Shock (safe; 1% risk of failure)
Press: ? - help, Shift-Dir - straight line The zap hits Grinder.
Grinder appears unharmed.
Grinder is moderately wounded.
The zap hits Grinder.
Grinder is moderately wounded.
Grinder hits you but does no damage.
Casting: Shock (safe; 1% risk of failure)
Confirm with . or Enter, or press ? or * to list all spells.
Aiming: Airstrike (safe; 4% risk of failure)
Press: ? - help, Dir - move target cursor, f - Grinder
Aim: Grinder (moderately wounded)
The air twists around and strikes Grinder!
Grinder is heavily wounded.
Grinder hits you!
* * * LOW HITPOINT WARNING * * *
You writhe in agony.
* * * LOW HITPOINT WARNING * * *
Casting: Airstrike (safe; 4% risk of failure)
Confirm with . or Enter, or press ? or * to list all spells.
Aiming: Airstrike (safe; 4% risk of failure)
Press: ? - help, Dir - move target cursor, f/p - Grinder
Aim: Grinder (heavily wounded)
The air twists around and strikes Grinder!
Grinder is severely wounded.
You are feeling hungry.
Grinder blinks!
Grinder gestures at you. Pain shoots through your body!
You die...

...........##.#...(.#
...........##.#.#####
####.##....##...#
#.##....###..# #.#########..#
##########* ####.# #(<))##
#.....>...* .....# ##.##.#
#.........*
.##(.#####..##.####.........*
..##............@.........ยง(*
............##..###.........*
##..#..####.....# #.........*
#..#.## ####..############*
##....# ##5...# #....##
###..### #....# #....# #.##.#
#....# #.##.##### ###..#


You could see Grinder.

Vanquished Creatures
  Sigmund (D:3)
  An orc priest (D:3)
  Natasha (thrice) (D:3)
  Terence (D:3)
  3 adders
  An ooze (D:2)
  A worm (D:3)
  3 dart slugs
  A leopard gecko (D:1)
  4 orcs (D:3)
  6 giant cockroaches
  6 goblins
  9 hobgoblins
  6 jackals
  A quokka (D:3)
  3 ball pythons
  6 bats
  2 frilled lizards
  7 kobolds
  7 rats
72 creatures vanquished.

Notes
Turn   | Place    | Note
-------+----------+-------------------------------------------
     0 | D:1      | Amnesiac the Tengu Air Elementalist began the quest for the Orb.
     0 | D:1      | Reached XP level 1. HP: 10/10 MP: 4/4
   193 | D:1      | Reached XP level 2. HP: 15/15 MP: 1/6
   416 | D:1      | Reached skill level 5 in Air Magic
   478 | D:1      | Reached XP level 3. HP: 19/19 MP: 2/7
  1176 | D:2      | Reached XP level 4. HP: 24/24 MP: 7/9
  1182 | D:2      | Learned a level 4 spell: Airstrike
  1772 | D:3      | Reached skill level 6 in Air Magic
  1882 | D:3      | Noticed Terence
  2164 | D:3      | Gained mutation: You can fly. [Tengu growth]
  2164 | D:3      | Reached XP level 5. HP: 13/28 MP: 7/10
  2168 | D:3      | Killed Terence
  2401 | D:3      | Noticed Natasha
  2405 | D:3      | Killed Natasha
  2406 | D:3      | Reached skill level 7 in Air Magic
  2547 | D:3      | Noticed Natasha
  2548 | D:3      | Killed Natasha
  2646 | D:3      | Noticed Natasha
  2648 | D:3      | Killed Natasha
  2648 | D:3      | Reached XP level 6. HP: 25/32 MP: 3/12
  2706 | D:3      | Noticed Sigmund
  2751 | D:3      | Killed Sigmund
  2751 | D:3      | Reached skill level 8 in Air Magic
  2911 | D:3      | Noticed Grinder
  2921 | D:3      | Killed from afar by Grinder

Vault maps used:
D:1:      tarquinn_simple_flora_water_f
D:2:      first_ration, dk_noncrumbling_2
D:3:      uniq_grinder, uniq_sigmund, uniq_natasha, uniq_terence

Skill      XL: |  1  2  3  4  5  6 |
---------------+-------------------+-----
Air Magic      | 5 6 7 8 |  8.2
Spellcasting   | 3 4 |  4.0
Dodging        | |  2.1
Stealth        | |  2.0
Conjurations   | |  1.3

Action                   |  1- 3 |  4- 6 || total
-------------------------+-------+-------++-------
Melee: Unarmed           |     2 |     9 ||    11
       Kick              |     1 |     3 ||     4
 Cast: Shock             |    72 |    70 ||   142
       Airstrike         |       |    11 ||    11
  Use: Scroll            |       |     6 ||     6
  Eat: Chunk             |     1 |     7 ||     8
Armor: Robe              |     3 |     5 ||     8
Dodge: Dodged            |    11 |    24 ||    35

Table legend:
 A = Spawn XP
 B = Non-spawn XP
 C = Spawn XP percentage of total XP
 D = Spawn monster count
 E = Non-spawn monster count
 F = Spawn count percentage of total count
 G = Total turns spent on level
                    A         B        C        D         E        F      G
               +---------+---------+-------+---------+---------+-------+---------
         Total |       0 |     551 |   0.0 |       0 |      72 |   0.0 |  2921
               +---------+---------+-------+---------+---------+-------+---------
           D:1 |       0 |      40 |   0.0 |       0 |      22 |   0.0 |   761
           D:2 |       0 |      68 |   0.0 |       0 |      23 |   0.0 |  1161
           D:3 |       0 |     443 |   0.0 |       0 |      27 |   0.0 |   999
               +---------+---------+-------+---------+---------+-------+---------
